 Dungeon Crawl Stone Soup version 0.27-a0-1579-g97d2440184 (webtiles) character file.

Game seed: 14525666386866398238

77 Demosthentine the Poker (level 4, 0/35 HPs)
             Began as a Merfolk Gladiator on July 18, 2021.
             Slain by Robin (3 damage)
             ... on level 3 of the Dungeon.
             The game lasted 00:01:04 (2453 turns).

Demosthentine the Poker (Merfolk Gladiator)         Turns: 2453, Time: 00:01:05

Health: 0/35       AC:  4    Str: 15    XL:     4   Next: 34%
Magic:  4/4        EV: 13    Int:  7    God:
Gold:   80         SH:  0    Dex: 15    Spells: 3/3 levels left

rFire    . . .     SeeInvis .   a - +0 trident
rCold    . . .     Faith    .   (no shield)
rNeg     + . .     Spirit   .   b - +0 leather armour
rPois    .         Reflect  .   c - +0 helmet
rElec    .         Harm     .   (no cloak)
rCorr    .         Rampage  .   (no gloves)
Will     .....                  (no boots)
Stlth    +.........             (no amulet)
HPRegen  0.11/turn              g - ring of positive energy
MPRegen  0.09/turn              (no ring)

@: no status effects
A: (nimble swimmer 2), mertail
a: no special abilities


You were on level 3 of the Dungeon.
You visited 1 branch of the dungeon, and saw 3 of its levels.

You collected 80 gold pieces.

Inventory:

Hand Weapons
 a - a +0 trident (weapon)
Missiles
 d - 3 throwing nets (quivered)
Armour
 b - a +0 leather armour (worn)
 c - a +0 helmet (worn)
Jewellery
 g - a ring of positive energy (left hand)
Scrolls
 f - a scroll of fog
Potions
 e - a potion of heal wounds
 h - a potion of degeneration {unknown}
 i - a potion of curing {unknown}
 j - a potion of cancellation {unknown}
 k - 2 potions of lignification {unknown}


   Skills:
 + Level 3.0 Fighting
 + Level 5.3 Polearms
 - Level 2.0 Throwing
 + Level 1.1 Armour
 + Level 4.8 Dodging


You had 3 spell levels left.
You didn't know any spells.
Your spell library contained the following spells:

 Spells                   Type           Power      Damage    Failure   Level
 Sting                    Tmut/Pois      0%         1d3       50%         1
 Poisonous Vapours        Pois/Air       0%         N/A       65%         2
 Olgreb's Toxic Radiance  Pois           0%         N/A       99%         4


Dungeon Overview and Level Annotations

Branches:
Dungeon (3/15)

Altars:

Annotations:
D:3 Robin


Innate Abilities, Weirdness & Mutations

((You are quick and stealthy near water. (Stealth+, EV+, Speed+++)))
Your lower body shifts to a powerful aquatic tail in water.


Message History

You are too injured to fight recklessly!
You are too injured to fight recklessly!
You are too injured to fight recklessly!
You are too injured to fight recklessly!
You are too injured to fight recklessly!
You are too injured to fight recklessly!
You are too injured to fight recklessly!
You are too injured to fight recklessly!
You are too injured to fight recklessly!
You puncture the hobgoblin!
You kill the hobgoblin!
The goblin hits you with a +0 club. Robin closely misses you.
Unknown command.
You hit the goblin.
The goblin is moderately wounded.
The goblin closely misses you. Robin barely misses you.
You closely miss the goblin.
The goblin is moderately wounded.
The goblin closely misses you. Robin hits you but does no damage.
Unknown command.
You puncture Robin!
Robin is severely wounded.
The goblin closely misses you. Robin closely misses you.
Unknown command.
You barely miss Robin.
Robin is severely wounded.
The goblin barely misses you. Robin hits you with a +0 club.
Unknown command.
You hit Robin.
Robin is almost dead.
The goblin hits you with a +0 club.
* * * LOW HITPOINT WARNING * * *
Robin hits you with a +0 club.
* * * LOW HITPOINT WARNING * * *
You hit Robin but do no damage.
Robin is almost dead.
The goblin hits you with a +0 club.
* * * LOW HITPOINT WARNING * * *
Robin hits you with a +0 club.
You die...

#........
#...g.<.. #####
#......g. #....
#........ ##.##
#.....g[. #.#
#.#############.#
#.#..........##.#
#g#.####..##.##.##
#@#.#......#.#....
#g#.#.##...#.#####
#.#.#.............
#.#.######.#.###..
#.#........#.# #..
#.##########.# #..
#.##########.# #..
#............# #..
############## #))


You could see Robin and a goblin (strong).

Vanquished Creatures
  An adder (D:2)
  A dart slug (D:1)
  An orc (D:3)
  7 bats
  5 endoplasms
  2 giant cockroaches (D:1)
  8 hobgoblins
  4 jackals (D:2)
  6 kobolds
  3 quokkas
  2 ball pythons
  2 frilled lizards
  11 goblins
  3 rats
56 creatures vanquished.

Notes
Turn   | Place    | Note
-------+----------+-------------------------------------------
     0 | D:1      | Demosthentine the Merfolk Gladiator began the quest for the
                  | Orb.
     0 | D:1      | Reached XP level 1. HP: 16/16 MP: 1/1
   156 | D:1      | Reached XP level 2. HP: 23/23 MP: 2/2
   640 | D:1      | Reached XP level 3. HP: 28/28 MP: 3/3
   647 | D:1      | Found a faded altar of an unknown god.
  1152 | D:2      | Reached skill level 5 in Polearms
  1302 | D:2      | Reached skill level 1 in Armour
  2234 | D:3      | Reached XP level 4. HP: 32/34 MP: 4/4
  2426 | D:3      | Noticed Robin
  2453 | D:3      | Slain by Robin

Illustrated notes

Levels and vault maps discovered:
D:1:      minmay_arrival_nine_rooms, layout_rooms,
          hellmonk_ecumenical_altar_prayer_group, minmay_misc_feat_rows
D:2:      layout_loops_corners, corexii_corridor_pit, serial_bayou_lake_a
D:3:      layout_basic, uniq_robin

Skill      XL: |  1  2  3  4 |
---------------+-------------+-----
Polearms       | 5 |  5.3
Armour         | 1 |  1.1
Fighting       | 3 |  3.0
Throwing       | |  2.0
Dodging        | |  4.8

Action                   |  1- 3 |  4- 6 || total
-------------------------+-------+-------++-------
Melee: Trident           |   134 |    48 ||   182
  Use: Scroll            |     2 |       ||     2
 Stab: Sleeping          |     3 |       ||     3
Armor: Leather armour    |    36 |     8 ||    44
Dodge: Dodged            |    64 |    34 ||    98

Table legend: (Time is in decaauts)
 A = Elapsed time spent in this place.
 B = Non-inter-level travel time spent in this place.
 C = Inter-level travel time spent in this place.
 D = Time resting spent in this place.
 E = Time spent auto-exploring this place.
 F = Levels seen in this place.
 G = Mean time per level.
                   A        B        C        D        E       F      G
               +--------+--------+--------+--------+--------+-----+--------+
         Total |   2434 |   2371 |     63 |      0 |   2061 |   3 |  811.3 |
       Dungeon |   2434 |   2371 |     63 |      0 |   2061 |   3 |  811.3 |
               +--------+--------+--------+--------+--------+-----+--------+

Top non-repeatable levels by time:
     D:2: 999 daAuts
     D:1: 849 daAuts
     D:3: 584 daAuts
